 Dungeon Crawl Stone Soup version 0.30.1-4-g462c640d31 (webtiles) character file.

Game seed: 16139442163367322998

4 dimizboga the Shield-Bearer (level 1, 22/22 HPs)
             Began as a Troll Fighter on Sept 18, 2023.
             Got out of the dungeon alive.
             The game lasted 00:02:26 (38 turns).

dimizboga the Shield-Bearer (Troll Fighter)           Turns: 38, Time: 00:02:27

Health: 22/22      AC:  4    Str: 23    XL:     1   Next: 58%
Magic:  0/0        EV:  8    Int:  4    God:
Gold:   0          SH:  7    Dex:  9    Spells: 0/0 levels left

rFire   . .          .
                       - Unarmed
rCold   . . .        b - +0 kite shield
rNeg    . . .        a - +0 robe
rPois   .            (helmet restricted)
rElec   .            (no cloak)
rCorr   .            (gloves unavailable)
SInv    .            (boots unavailable)
Will    .....        (no amulet)
Stlth   +            (no ring)
HPRegen 1.03/turn    (no ring)
MPRegen 0.07/turn

%: no passive effects
@: no status effects
A: large, unfitting armour, claws 3, regeneration 1, shaggy fur 1, tough skin 1
a: no special abilities


You escaped.
You visited 1 branch of the dungeon, and saw 1 of its levels.

Inventory:

Armour
 a - a +0 robe (worn)
 b - a +0 kite shield (worn)
Potions
 c - a potion of might


   Skills:
 + Level 2.5 Fighting
 + Level 2.5 Dodging
 + Level 2.7 Shields
 + Level 2.0 Unarmed Combat


You couldn't memorise any spells.
You didn't know any spells.
Your spell library was empty.

Dungeon Overview and Level Annotations

Branches:
Dungeon (1/15)

Altars:


Innate Abilities, Weirdness & Mutations

You are too large for most types of armour.
You have claws for hands.
Your natural rate of healing is unusually fast.
You are covered in fur. (AC +1)
You have tough skin. (AC +1)


Message History

The bat barely misses you.
You claw the bat!
You kill the bat!
You see here a bat corpse.
Unknown command.
You see here a bat corpse.
Nothing quivered!
A goblin comes into view. It is wielding a +0 club.
The goblin shouts!
A goblin is nearby!
A goblin is nearby!
You closely miss the goblin.
A quokka comes into view.
The goblin closely misses you.
You barely miss the goblin. The goblin closely misses you.
You closely miss the goblin. You block the goblin's attack.
You barely miss the goblin. The goblin hits you with a +0 club.
A quokka comes into view.
You claw the goblin!
You kill the goblin!
You closely miss the quokka. The quokka bites you.
You scratch the quokka.
You kill the quokka!
You claw the quokka!
You kill the quokka!
You see here a quokka corpse.
Found an amethyst potion.
There is a staircase leading out of the dungeon here.
Are you sure you want to leave the Dungeon?
This will make you lose the game! [Y]es or [N]o only, please.
Are you sure you want to leave the Dungeon?
This will make you lose the game! [Y]es or [N]o only, please.
Are you sure you want to leave the Dungeon?
This will make you lose the game!
Uppercase [Y]es or [N]o only, please.
Are you sure you want to leave the Dungeon?
This will make you lose the game!
Uppercase [Y]es or [N]o only, please.
Are you sure you want to leave the Dungeon?
This will make you lose the game!
Uppercase [Y]es or [N]o only, please.
Are you sure you want to leave the Dungeon?
This will make you lose the game!
You have escaped!

####+##.#...# ...#.
#.....$.....###.....
#................... .
+...................
..##...................
.......)...............
.......................
.......†......†.>#...#.
...........####.@# .#
............#....#
............#....#
.....##..........#
..........(..........
.............##......
.....................#
...##....##.....^..#
... #.!..# ........#


There were no monsters in sight!

Vanquished Creatures
  A goblin (D:1)
  2 quokkas (D:1)
  A bat (D:1)
4 creatures vanquished.

Notes
Turn   | Place    | Note
-------+----------+-------------------------------------------
     0 | D:1      | dimizboga the Troll Fighter began the quest for the Orb.
     0 | D:1      | Reached XP level 1. HP: 22/22 MP: 0/0
    38 | D:$      | Got out of the dungeon alive.

Illustrated notes

Levels and vault maps discovered:
D:1:      dpeg_arrival_tiny_a, layout_basic,
          shapermc_ecumenical_altar_acropolis, minmay_3d_cube

Action                     || total
---------------------------++-------
  Melee: Unarmed           ||     9
  Dodge: Dodged            ||     3
  Block: Kite shield       ||     1
